AoeStats
← Cien Ojos

Arena

505327659Analyzed
1v1 RM · 24d ago on Sep 8, 2026· 49m 26s· 2 players
Game mode
Random Map
Map size
Tiny (2 player)
Population
200
Speed
Normal
Resources
Standard
Victory
Conquest
Starting age
Dark Age
Ending age
Imperial Age
RankedLock teamsTeams togetherTeam positionsShared explorationLock speedFull tech treeHidden civsTurbo modeCheats
Victory
Defeat
🇵🇪 Bohemians · Peru
1192
+15
🇦🇷 Jurchens · Argentina
1171
-15
Cien Ojos
8:08 Loom
10:25 Feudal Age
14:07 Castle Age
19:28 Fervor
19:29 Loom
19:52 Double-Bit Axe
26:52 Bow Saw
26:35 Horse Collar
28:27 Heavy Plow
31:49 Imperial Age
30:09 Wheelbarrow
29:43 Gold Mining
30:12 Stone Mining
30:29 Fletching
35:55 Crop Rotation
36:03 Gold Shaft Mining
36:26 Stone Shaft Mining
36:05 Bodkin Arrow
36:22 Forging
36:17 Scale Barding Armor
36:29 Bloodlines
37:41 Light Cavalry
38:31 Bloodlines
38:22 Husbandry
42:55 Crossbowman
44:20 Conscription
46:15 Bracer
46:16 Padded Archer Armor
48:55 Hand Cart
SURTIME
10:44 Feudal Age
14:13 Castle Age
13:40 Loom
13:42 Double-Bit Axe
18:38 Redemption
19:22 Sanctity
19:38 Fervor
28:21 Atonement
37:57 Imperial Age
36:48 Horse Collar
40:23 Bow Saw
39:50 Pikeman
40:30 Squires
40:17 Arson
41:18 Treadmill Crane
43:44 Conscription
42:55 Halberdier
44:13 Wheelbarrow
43:24 Town Watch
45:25 Chemistry
44:48 Ballistics
44:40 Elite Hussite Wagon
45:43 Scale Mail Armor
45:54 Forging
46:10 Town Patrol
46:27 Hand Cart
47:35 Fortified Wall
47:36 Masonry
Connection lost

Rejoining the realm…

Still unreachable

The connection could not be restored.

Session expired

The server has moved on; the page needs a fresh start.